IL
ROCHESTER RED WINGS @ COLUMBUS JETS
08/11/1982
 
TOP OF THE 1ST
Rochester Red Wings batting - Pitching for Columbus Jets : RHP Gabriel Franqui
Pitching: RHP Gabriel Franqui
Batting: RHB Johnnie LeMaster 0-0: Ground out 4-3 (Groundball, 4MD, EV 102.5 MPH)
Batting: LHB Ed Amelung 0-0: Foul Ball, location: 2F
0-1: Ball
1-1: Foul Ball, location: 2F
1-2: Foul Ball, location: 2F
1-2: TRIPLE (Line Drive, 9LD, EV 103.1 MPH)
Batting: SHB Jordan Ayala 0-0: Called Strike
0-1: Foul Ball, location: 2F
0-2: Ball
1-2: Ball
2-2: DOUBLE (Line Drive, 89D, EV 100.6 MPH)
Ed Amelung scores
Batting: RHB Gerry Davis 0-0: Ball
1-0: Fly out, F4 (Flyball, 4D, EV 80.0 MPH)
Batting: LHB Sid Bream 0-0: Ball
1-0: SINGLE (Groundball, P, EV 80.6 MPH) (infield hit)
Jordan Ayala to third
Batting: RHB Joe Carter 0-0: Called Strike
0-1: Swinging Strike
0-2: Ball
1-2: DOUBLE (Line Drive, 89XD, EV 110.6 MPH)
Jordan Ayala scores
Sid Bream to third
Runner from 3rd tries for Home, SAFE, throw by RF to home
Batting: LHB Dave Falcone 0-0: Ball
1-0: Ball
2-0: Ball
3-0: Base on Balls
Batting: RHB Tom Brookens 0-0: Called Strike
0-1: Ball
1-1: Swinging Strike
1-2: Foul Ball, location: 2F
1-2: Strikes out swinging
Top of the 1st over - 3 runs, 4 hits, 0 errors, 2 left on base; Rochester 3 - Columbus 0
BOTTOM OF THE 1ST
Columbus Jets batting - Pitching for Rochester Red Wings : LHP Alex Gonzales
Pitching: LHP Alex Gonzales
Batting: RHB Greg Schultz 0-0: Ball
1-0: Foul Ball, location: 2F
1-1: Ball
2-1: Ground out 5-3 (Groundball, 5, EV 78.1 MPH)
Batting: RHB Jim Maler 0-0: Fly out, F4 (Popup, 34S, EV 81.9 MPH)
Batting: RHB Danny Tartabull 0-0: Ground out 6-3 (Groundball, 6, EV 78.8 MPH)
Bottom of the 1st over - 0 runs, 0 hits, 0 errors, 0 left on base; Rochester 3 - Columbus 0
TOP OF THE 2ND
Rochester Red Wings batting - Pitching for Columbus Jets : RHP Gabriel Franqui
Batting: RHB Jerry Dybzinski 0-0: Called Strike
0-1: Ball
1-1: Ball
2-1: Called Strike
2-2: Strikes out looking
Batting: RHB Johnnie LeMaster 0-0: Ground out 6-3 (Groundball, 6, EV 96.3 MPH)
Batting: LHB Ed Amelung 0-0: Called Strike
0-1: Swinging Strike
0-2: Ball
1-2: Strikes out swinging
Top of the 2nd over - 0 runs, 0 hits, 0 errors, 0 left on base; Rochester 3 - Columbus 0
BOTTOM OF THE 2ND
Columbus Jets batting - Pitching for Rochester Red Wings : LHP Alex Gonzales
Batting: LHB Larry Sheets 0-0: Called Strike
0-1: SINGLE (Groundball, 3D, EV 97.5 MPH)
Batting: RHB Jackie Gutierrez 0-0: Ball
1-0: Called Strike
1-1: Ball
2-1: Ball
3-1: SINGLE (Line Drive, 7S, EV 105.0 MPH)
Larry Sheets to second
Batting: RHB Michael Ventress 0-0: Foul Ball, location: 2F
0-1: Fielders Choice at 2nd, 3-6 (Groundball, 34S, EV 87.5 MPH)
Larry Sheets to third
Batting: RHB Glenn Goya 0-0: Foul Ball, location: 2F
0-1: Grounds into double play, 4-6-3 (Groundball, 34, EV 82.5 MPH)
Bottom of the 2nd over - 0 runs, 2 hits, 0 errors, 1 left on base; Rochester 3 - Columbus 0
TOP OF THE 3RD
Rochester Red Wings batting - Pitching for Columbus Jets : RHP Gabriel Franqui
Batting: SHB Jordan Ayala 0-0: Fly out, F9 (Flyball, 9S, EV 90.0 MPH)
Batting: RHB Gerry Davis 0-0: Called Strike
0-1: Ball
1-1: Fly out, F8 (Line Drive, 8RM, EV 99.4 MPH)
Batting: LHB Sid Bream 0-0: Foul Ball, location: 2F
0-1: Foul Ball, location: 2F
0-2: DOUBLE (Line Drive, 7LM, EV 109.4 MPH)
Batting: RHB Joe Carter 0-0: Called Strike
0-1: Ball
1-1: DOUBLE (Flyball, 8RXD, EV 105.6 MPH)
Sid Bream scores
Batting: LHB Dave Falcone 0-0: Swinging Strike
0-1: Swinging Strike
0-2: Strikes out swinging
Top of the 3rd over - 1 run, 2 hits, 0 errors, 1 left on base; Rochester 4 - Columbus 0
BOTTOM OF THE 3RD
Columbus Jets batting - Pitching for Rochester Red Wings : LHP Alex Gonzales
Batting: RHB Ray Smith 0-0: Called Strike
0-1: Ball
1-1: Fly out, F9 (Flyball, 9D, EV 95.0 MPH)
Batting: LHB Craig Brooks 0-0: Foul Ball, location: 2F
0-1: Foul Ball, location: 2F
0-2: Foul Ball, location: 2F
0-2: Ball
1-2: Strikes out swinging
Batting: RHB Greg Schultz 0-0: Called Strike
0-1: Foul Ball, location: 2F
0-2: Foul Ball, location: 2F
0-2: Ground out 6-3 (Groundball, 6M, EV 87.5 MPH)
Bottom of the 3rd over - 0 runs, 0 hits, 0 errors, 0 left on base; Rochester 4 - Columbus 0
TOP OF THE 4TH
Rochester Red Wings batting - Pitching for Columbus Jets : RHP Gabriel Franqui
Batting: RHB Tom Brookens 0-0: Ball
1-0: Ball
2-0: Foul Ball, location: 2F
2-1: Foul Ball, location: 2F
2-2: Ball
3-2: TRIPLE (Flyball, 78XD, EV 92.5 MPH)
Batting: RHB Jerry Dybzinski 0-0: Fly out, F4 (Popup, 4S, EV 76.9 MPH)
Batting: RHB Johnnie LeMaster 0-0: Ball
1-0: Ball
2-0: Ball
3-0: Called Strike
3-1: SINGLE (Groundball, 56, EV 97.5 MPH)
Tom Brookens scores
Batting: LHB Ed Amelung 0-0: Ball
1-0: Foul Ball, location: 2F
1-1: Ball
Johnnie LeMaster is caught stealing 2nd base 2-6
2-1: Fly out, F8 (Flyball, 8RM, EV 86.9 MPH)
Top of the 4th over - 1 run, 2 hits, 0 errors, 0 left on base; Rochester 5 - Columbus 0
BOTTOM OF THE 4TH
Columbus Jets batting - Pitching for Rochester Red Wings : LHP Alex Gonzales
Batting: RHB Jim Maler 0-0: Ball
1-0: Called Strike
1-1: Swinging Strike
1-2: Ball
2-2: Ground out 6-3 (Groundball, 6, EV 81.3 MPH)
Batting: RHB Danny Tartabull 0-0: Called Strike
0-1: Ball
1-1: Ball
2-1: Ball
3-1: Fly out, F8 (Flyball, 8RXD, EV 95.6 MPH)
Batting: LHB Larry Sheets 0-0: Ball
1-0: Fly out, F9 (Line Drive, 9, EV 93.8 MPH)
Bottom of the 4th over - 0 runs, 0 hits, 0 errors, 0 left on base; Rochester 5 - Columbus 0
TOP OF THE 5TH
Rochester Red Wings batting - Pitching for Columbus Jets : RHP Gabriel Franqui
Batting: SHB Jordan Ayala 0-0: Foul Ball, location: 2F
0-1: Ball
1-1: Called Strike
1-2: Strikes out swinging
Batting: RHB Gerry Davis 0-0: Ball
1-0: Ball
2-0: Ball
3-0: Base on Balls
Batting: LHB Sid Bream 0-0: Ball
1-0: Ball
2-0: Fly out, F8 (Flyball, 8RM, EV 92.5 MPH)
Batting: RHB Joe Carter 0-0: Called Strike
Gerry Davis steals 2nd base
0-1: Called Strike
0-2: Ground out 6-3 (Groundball, 6, EV 81.3 MPH)
Top of the 5th over - 0 runs, 0 hits, 0 errors, 1 left on base; Rochester 5 - Columbus 0
BOTTOM OF THE 5TH
Columbus Jets batting - Pitching for Rochester Red Wings : LHP Alex Gonzales
Batting: RHB Jackie Gutierrez 0-0: Foul Ball, location: 2F
0-1: Ground out 5-3 (Groundball, 56, EV 103.8 MPH)
Batting: RHB Michael Ventress 0-0: Called Strike
0-1: Ball
1-1: Ball
2-1: Swinging Strike
2-2: Ground out 4-3 (Groundball, 4, EV 108.8 MPH)
Batting: RHB Glenn Goya 0-0: Called Strike
0-1: SOLO HOME RUN (Flyball, 7D, EV 95.0 MPH), Distance : 361 ft
Batting: RHB Ray Smith 0-0: Foul Ball, location: 2F
0-1: Fly out, F8 (Flyball, 8LD, EV 83.8 MPH)
Bottom of the 5th over - 1 run, 1 hit, 0 errors, 0 left on base; Rochester 5 - Columbus 1
TOP OF THE 6TH
Rochester Red Wings batting - Pitching for Columbus Jets : RHP Gabriel Franqui
Pitching: RHP Freddy Laro
Batting: LHB Dave Falcone 0-0: Ball
1-0: Ball
2-0: Ball
3-0: Called Strike
3-1: Foul Ball, location: 2F
3-2: Foul Ball, location: 2F
3-2: Strikes out swinging
Batting: RHB Tom Brookens 0-0: Ball
1-0: Called Strike
1-1: Fly out, F8 (Flyball, 8LXD, EV 90.6 MPH)
Batting: RHB Jerry Dybzinski 0-0: Ground out 5-3 (Groundball, 56, EV 104.4 MPH)
Top of the 6th over - 0 runs, 0 hits, 0 errors, 0 left on base; Rochester 5 - Columbus 1
BOTTOM OF THE 6TH
Columbus Jets batting - Pitching for Rochester Red Wings : LHP Alex Gonzales
Batting: LHB Craig Brooks 0-0: Ball
1-0: Swinging Strike
1-1: Ball
2-1: Fly out, F8 (Line Drive, 8RXD, EV 103.1 MPH)
Pinch Hitting: RHB Albert Richmond 0-0: Called Strike
0-1: Ball
1-1: Ball
2-1: Ball
3-1: Base on Balls
Batting: RHB Jim Maler 0-0: Ball
1-0: Foul Ball, location: 2F
1-1: Ball
2-1: Ball
3-1: SINGLE (Flyball, 9S, EV 96.3 MPH)
Albert Richmond to second
Runner from 2nd tries for 3rd, SAFE, throw by RF made to third
Batting: RHB Danny Tartabull 0-0: Ball
1-0: Ball
2-0: Foul Ball, location: 2F
2-1: Foul Ball, location: 2F
2-2: Strikes out swinging
Batting: LHB Larry Sheets 0-0: Fielders Choice at 2nd, 5-4 (Groundball, 56, EV 86.9 MPH)
Bottom of the 6th over - 0 runs, 1 hit, 0 errors, 2 left on base; Rochester 5 - Columbus 1
TOP OF THE 7TH
Rochester Red Wings batting - Pitching for Columbus Jets : RHP Freddy Laro
Now at 3B: Dave Bialas
Batting: RHB Johnnie LeMaster 0-0: Called Strike
0-1: Ball
1-1: Ground out 5-3 (Groundball, 56, EV 107.5 MPH)
Batting: LHB Ed Amelung 0-0: Ball
1-0: Ball
2-0: Foul Ball, location: 2F
2-1: Ball
3-1: Called Strike
3-2: SINGLE (Flyball, 78S, EV 90.6 MPH)
Batting: SHB Jordan Ayala 0-0: Called Strike
0-1: Ball
1-1: Ball
2-1: Foul Ball, location: 2F
2-2: Fielders Choice at 2nd, 4-6 (Groundball, 4, EV 88.1 MPH)
Batting: RHB Gerry Davis 0-0: Called Strike
Jordan Ayala is caught stealing 2nd base 2-4
Top of the 7th over - 0 runs, 1 hit, 0 errors, 0 left on base; Rochester 5 - Columbus 1
BOTTOM OF THE 7TH
Columbus Jets batting - Pitching for Rochester Red Wings : LHP Alex Gonzales
Batting: RHB Jackie Gutierrez 0-0: Ball
1-0: Swinging Strike
1-1: Ball
2-1: Fly out, F6 (Line Drive, 6, EV 75.0 MPH)
Batting: RHB Michael Ventress 0-0: Called Strike
0-1: Foul Ball, location: 2F
0-2: Ball
1-2: Ground out 6-3 (Groundball, 6, EV 82.5 MPH)
Batting: RHB Glenn Goya 0-0: Called Strike
0-1: Ball
1-1: Ball
2-1: SINGLE (Groundball, 4MD, EV 101.9 MPH)
Batting: RHB Ray Smith 0-0: Ball
1-0: Swinging Strike
1-1: Foul Ball, location: 2F
1-2: Ball
2-2: Ball
3-2: Ground out 4-3 (Groundball, 34, EV 88.8 MPH)
Bottom of the 7th over - 0 runs, 1 hit, 0 errors, 1 left on base; Rochester 5 - Columbus 1
TOP OF THE 8TH
Rochester Red Wings batting - Pitching for Columbus Jets : RHP Freddy Laro
Batting: RHB Gerry Davis 0-0: Ball
1-0: Reached on error, E1 (Groundball, 15S, EV 66.3 MPH)
Batting: LHB Sid Bream 0-0: Ball
1-0: Swinging Strike
1-1: Called Strike
1-2: Strikes out swinging
Batting: RHB Joe Carter 0-0: Swinging Strike
0-1: Ball
1-1: Ball
2-1: Ball
3-1: Called Strike
3-2: Base on Balls
Gerry Davis to second
Batting: LHB Dave Falcone 0-0: Swinging Strike
0-1: Called Strike
Gerry Davis is caught stealing 3rd base 2-5
Joe Carter to second
0-2: Ball
1-2: Ball
2-2: Ball
3-2: Ground out 3-1 (Groundball, 34, EV 86.9 MPH)
Top of the 8th over - 0 runs, 0 hits, 1 error, 1 left on base; Rochester 5 - Columbus 1
BOTTOM OF THE 8TH
Columbus Jets batting - Pitching for Rochester Red Wings : LHP Alex Gonzales
Batting: LHB Craig Brooks 0-0: Swinging Strike
0-1: Called Strike
0-2: Foul Ball, location: 2F
0-2: Strikes out swinging
Batting: RHB Dave Bialas 0-0: Called Strike
0-1: Called Strike
0-2: Fly out, F4 (Line Drive, 4, EV 77.5 MPH)
Batting: RHB Jim Maler 0-0: Ball
1-0: Foul Ball, location: 2F
1-1: Swinging Strike
1-2: Strikes out swinging
Bottom of the 8th over - 0 runs, 0 hits, 0 errors, 0 left on base; Rochester 5 - Columbus 1
TOP OF THE 9TH
Rochester Red Wings batting - Pitching for Columbus Jets : RHP Freddy Laro
Batting: RHB Tom Brookens 0-0: Ground out 1-3 (Groundball, P, EV 65.0 MPH)
Batting: RHB Jerry Dybzinski 0-0: Ground out 6-3 (Groundball, 6, EV 83.1 MPH)
Batting: RHB Johnnie LeMaster 0-0: Ball
1-0: Ball
2-0: Ground out U3 (Groundball, 34, EV 85.0 MPH)
Top of the 9th over - 0 runs, 0 hits, 0 errors, 0 left on base; Rochester 5 - Columbus 1
BOTTOM OF THE 9TH
Columbus Jets batting - Pitching for Rochester Red Wings : LHP Alex Gonzales
Batting: RHB Danny Tartabull 0-0: Ball
1-0: Ball
2-0: Fly out, F7 (Flyball, 78M, EV 82.5 MPH)
Batting: LHB Larry Sheets 0-0: SINGLE (Flyball, 4MD, EV 87.5 MPH) - OUT at second base trying to stretch hit.
Batting: RHB Jackie Gutierrez 0-0: Ball
1-0: Ball
2-0: Called Strike
2-1: Foul Ball, location: 2F
2-2: Foul Ball, location: 2F
2-2: Foul Ball, location: 2F
2-2: Ball
3-2: Base on Balls
Batting: RHB Michael Ventress 0-0: Ball
1-0: Ball
2-0: Called Strike
2-1: Ball
3-1: Base on Balls
Jackie Gutierrez to second
Batting: RHB Glenn Goya 0-0: Ground out 6-3 (Groundball, 56, EV 104.4 MPH)
Bottom of the 9th over - 0 runs, 1 hit, 0 errors, 2 left on base; Rochester 5 - Columbus 1
Friday, August 21st, 2020 - OOTP Baseball 21.5 Build 76